AoeStats
← AtilaTheHun

Arabia

510124163Analyzed
1v1 RM · 2d ago on Sep 29, 2026· 64m 42s· 2 players
Game mode
Random Map
Map size
Tiny (2 player)
Population
200
Speed
Normal
Resources
Standard
Victory
Conquest
Starting age
Dark Age
Ending age
Imperial Age
RankedLock teamsTeams togetherTeam positionsShared explorationLock speedFull tech treeHidden civsTurbo modeCheats
Victory
Defeat
🇪🇸 Burgundians · Spain
604
+29
🇵🇪 Byzantines · Peru
667
-19
marcosvillamagna
4:50 Double-Bit Axe
9:03 Horse Collar
9:25 Loom
11:18 Feudal Age
12:50 Bow Saw
14:53 Gold Mining
19:47 Castle Age
18:34 Heavy Plow
19:12 Gold Shaft Mining
19:07 Stone Mining
19:16 Stone Mining
23:26 Crop Rotation
23:49 Forging
23:45 Scale Barding Armor
24:08 Burgundian Vineyards
25:43 Two-Man Saw
28:38 Stone Shaft Mining
32:03 Iron Casting
31:48 Chain Barding Armor
35:35 Imperial Age
33:44 Wheelbarrow
32:55 Town Watch
35:40 Fletching
39:17 Blast Furnace
38:52 Plate Barding Armor
38:13 Bodkin Arrow
39:36 Chemistry
38:57 Ballistics
38:48 Fortified Wall
38:35 Murder Holes
38:57 Masonry
39:28 Hand Cart
39:19 Town Patrol
40:36 Elite Coustillier
AtilaTheHun
8:59 Loom
11:07 Feudal Age
11:45 Double-Bit Axe
12:16 Horse Collar
15:22 Wheelbarrow
21:27 Castle Age
20:43 Gold Mining
22:49 Bow Saw
24:54 Heavy Plow
26:07 Hand Cart
26:15 Stone Mining
27:01 Gold Shaft Mining
28:50 Forging
28:31 Fletching
28:42 Scale Mail Armor
28:31 Elite Skirmisher
29:36 Pikeman
30:46 Squires
38:04 Imperial Age
36:13 Iron Casting
37:44 Bodkin Arrow
38:05 Chain Mail Armor
37:55 Scale Barding Armor
37:51 Padded Archer Armor
40:02 Two-Man Saw
39:35 Crop Rotation
39:31 Conscription
38:45 Halberdier
41:48 Hoardings
41:40 Ballistics
41:18 Murder Holes
41:35 Fortified Wall
41:07 Treadmill Crane
41:44 Light Cavalry
44:31 Plate Mail Armor
44:21 Chain Barding Armor
44:17 Leather Archer Armor
44:03 Bracer
49:57 Elite Cataphract
54:28 Hussar
61:41 Cavalier
62:22 Husbandry
Connection lost

Rejoining the realm…

Still unreachable

The connection could not be restored.

Session expired

The server has moved on; the page needs a fresh start.